Map: Croisement de Kairos EC

Players

Sorandom

  • Race: Zerg Zerg
  • League: Diamond
  • Spawn Location: 5:00

IA (très facile)

  • Race: Protoss Protoss
  • Spawn Location: 11:00

VOD

Have the link to the VOD?

Description

Time

  • Played on: April 3, 2019, 9:26 a.m.
  • Length: 6:52
Show
View Real Time Build Order
Export as new Build Order

Sorandom Zerg 

Build Orders: Pool First 

Get SALT Encoding   

  1  0:00  Lair, Overlord  
  12  0:02  Drone x12  
  12  0:21  Drone  
  13  0:34  Overlord  
  13  0:46  Drone  
  14  0:53  Drone x2  
  16  0:57  Drone  
  17  1:20  Spawning Pool  
  17  1:21  Drone  
  17  1:23  Drone  
  18  1:51  Hatchery  
  17  1:57  Extractor  
  16  2:01  Drone  
  16  2:02  Drone  
  18  2:11  Queen  
  20  2:16  Zergling x2  
  20  2:21  Zergling x2  
  22  2:37  Roach Warren  
  22  2:43  Overlord  
  21  2:54  Drone  
  22  3:02  Queen  
  24  3:16  Queen  
  26  3:24  Roach  
  28  3:31  Roach  
  30  3:37  Roach  
  32  3:45  Drone  
  33  3:51  Overlord  
  33  4:04  Lair  
  33  4:08  Drone  
  34  4:12  Drone  
  35  4:21  Drone  
  36  4:27  Drone x2  
  36  4:29  Drone  
  39  4:32  Drone  
  39  4:37  Drone  
  41  4:41  Drone  
  41  4:43  Drone  
  43  4:49  Overlord  
  43  4:58  Drone  
  44  5:08  Drone x2  
  44  5:09  Drone x2  
  44  5:11  Extractor  
  44  5:13  Extractor, Overlord  
  46  5:21  Spine Crawler  
  46  5:23  Spine Crawler  
  44  5:32  Spire  
  44  5:34  Roach  
  45  5:45  Extractor  
  44  5:57  Drone  
  44  5:58  Drone x3  
  48  6:05  Drone  
  49  6:18  Hatchery  
  48  6:19  Roach x2  
  48  6:20  Roach  
Show
View Real Time Build Order
Export as new Build Order

IA (très facile) Protoss 

Build Orders:  

Get SALT Encoding   

  12  0:02  Probe x12  
    0:14  Unknown  
    0:19  Probe  
  13  0:31  Probe  
  14  0:38  Pylon  
  14  0:43  Probe  
  15  0:52  Probe  
  16  1:00  Probe  
  16  1:10  Probe  
  18  1:21  Nexus  
  18  1:32  Gateway  
  18  1:37  Assimilator  
  18  1:44  Pylon  
  18  2:04  Assimilator  
  18  2:14  Probe  
  19  2:21  Cybernetics Core  
  19  2:23  Probe  
  20  2:43  Warp Gate  
  20  2:57  Stalker  
  22  5:37  Probe, Zealot  
  22  5:39  Pylon  
  25  5:46  Robotics Facility, Probe  
  25  5:49  Probe  
  27  5:58  Probe  
  27  6:03  Probe  
  28  6:11  Probe  
  28  6:29  Zealot  
Tags
 
League
Diamond
Matchup
PvZ
Opening
Pool First
Replay Pack
Pack 2
Spawn Locations
Cross Positions
Add a new tag
Caveats
  • Supply blocks, unpowered buildings, or Contaminate may cause inaccurate times.
  • Supply counts are checked every 10 seconds.